 Dungeon Sprint DCSS version 0.22.0-16-gc6d26f6 (webtiles) character file.

6700000 poirepourri the Middleweight Champion (level 27, -13/273 HPs)
             Began as a Ghoul Gladiator on Aug 17, 2018.
             Was the Champion of Makhleb.
             Mangled by The Servant
             ... wielding a +9 glaive of flaming
              (23 damage)
             ... in the Dungeon (Sprint VIII: "Arena of Blood").
             The game lasted 00:01:22 (67 turns).

poirepourri the Middleweight Champion (GhGl)          Turns: 67, Time: 00:01:23

Health: -13/273    AC:  8    Str: 22    XL:     27
Magic:  30/53      EV: 34    Int:  3    God:    Makhleb [******]
Gold:   0          SH:  0    Dex: 19    Spells: 80/80 levels left

rFire    . . .     SeeInvis .   k - +∞ Axe of Woe
rCold    + . .     Gourm    .   (shield currently unavailable)
rNeg     + + +     Faith    .   a - +0 leather armour
rPois    ∞         Spirit   .   b - +0 helmet
rElec    .         Reflect  .   (no cloak)
rCorr    .         Harm     .   (no gloves)
MR       ++...     NoTele   +   (no boots)
Stlth    +++++++++.             (no amulet)
HPRegen  0.00/turn              l - +30 ring of slaying
MPRegen  0.33/turn              m - +30 ring of slaying

@: rotting
A: rotting body, claws 1, carnivore, cold resistance 1, negative energy
resistance 3, inhibited regeneration, torment resistance, unbreathing
a: Minor Destruction, Lesser Servant of Makhleb, Major Destruction, Greater
Servant of Makhleb, Renounce Religion


You were in the Dungeon.
You worshipped Makhleb.
Makhleb was exalted by your worship.
You were not hungry.

You visited 1 branch

Inventory:

Hand Weapons
 k - the +∞ Axe of Woe (weapon)
   (You found it in the Dungeon)
Missiles
 c - 3 throwing nets (quivered)
Armour
 a - a +0 leather armour (worn)
 b - a +0 helmet (worn)
Jewellery
 l - a +30 ring of slaying (left claw)
 m - a +30 ring of slaying (right claw)
Scrolls
 j - a scroll of blinking
Potions
 e - a potion of curing
 f - a potion of heal wounds
 g - a potion of haste
 h - 2 potions of magic
 i - a potion of berserk rage
Comestibles
 d - a ration


   Skills:
 O Level 27 Fighting
 O Level 27 Axes
 O Level 27 Throwing
 O Level 27 Armour
 O Level 27 Dodging
 O Level 27 Stealth
 O Level 27 Unarmed Combat
 O Level 27 Spellcasting
 O Level 27 Invocations


You had 80 spell levels left.
You didn't know any spells.
Your spell library was empty.

Dungeon Overview and Level Annotations

Branches:
Dungeon (1/1)

Altars:
Makhleb

Annotations:
D The Servant


Innate Abilities, Weirdness & Mutations

Your body is rotting away.
You thrive on raw meat.
You are immune to poison.
You have sharp fingernails.
You are carnivorous and can eat meat at any time.
Your flesh is cold resistant. (rC+)
You are immune to negative energy. (rN+++)
You do not regenerate when monsters are visible.
You are immune to unholy pain and torment.
You can survive without breathing.


Message History

Unknown command.
Press < or > to pray at altars.
Unknown command.
Press < or > to pray at altars.
Unknown command.
Press < or > to pray at altars.
You slice the small abomination!!
You dissect the small abomination like a pig carcass.
You destroy the small abomination!
Makhleb accepts your kill.
You feel better.
You are engulfed in blazing flames.
Some corpses begin to drag themselves along the ground!
Some corpses meld into an agglomeration of writhing flesh!
The bag of meat is engulfed in blazing flames.
You hear a shout!
The Servant is engulfed in blazing flames.
The Servant hits you from afar with a +9 glaive of flaming!!!!
* * * LOW HITPOINT WARNING * * *
The Servant burns you!!
You die...

..... .. #... .#
#... #..o .o#
....###Woo ..###.
.......oV###z.....
.#...V.§@§x......
....§O.#o§X..#
.......#@o<._#
......)#)))..#...
#...ox§)x_..o...
......)))###.o....
....###.... ..###.
... #.......# .
#.......#
.........
..........


You could see The Servant, a destroyer, a sculptor of flesh, a large
abomination, a dread, 8 bags of meat and 2 crawling corpses.

Vanquished Creatures
  A hell beast (D)
  A greater mummy (D)
  8 vampire knights (D)
  26 ogres (D)
  3 two-headed ogres (D)
  A hydra (D)
  33 orcs (D)
  2 skeletal warriors (D)
  6 large abominations (D)
  4 small abominations (D)
  A crawling corpse (D)
86 creatures vanquished.

Vanquished Creatures (others)
  A crawling corpse (D)
1 creature vanquished.

Grand Total: 87 creatures vanquished

Notes
Turn   | Place    | Note
-------+----------+-------------------------------------------
     0 | D        | Found the +∞ Axe of Woe
     0 | D        | poirepourri the Ghoul Gladiator began the quest for the Orb.
     0 | D        | Reached XP level 1. HP: 17/17 MP: 0/0
     1 | D        | Noticed a bag of meat
     2 | D        | Noticed a meat berserker
     3 | D        | Became a worshipper of Makhleb the Destroyer
     3 | D        | Noticed a meat berserker
     5 | D        | Killed a meat berserker
     5 | D        | Reached skill level 10 in Throwing
     5 | D        | Reached XP level 2. HP: 42/42 MP: 1/1
     5 | D        | Reached XP level 3. HP: 49/49 MP: 2/2
     5 | D        | Reached XP level 4. HP: 57/57 MP: 3/3
     5 | D        | Reached XP level 5. HP: 63/63 MP: 4/4
     5 | D        | Reached XP level 6. HP: 71/71 MP: 5/5
     5 | D        | Reached XP level 7. HP: 78/78 MP: 6/6
     5 | D        | Reached XP level 8. HP: 85/85 MP: 7/7
     5 | D        | Reached XP level 9. HP: 92/92 MP: 8/8
     5 | D        | Reached XP level 10. HP: 100/100 MP: 9/9
     5 | D        | Reached XP level 11. HP: 106/106 MP: 10/10
     5 | D        | Reached XP level 12. HP: 113/113 MP: 11/11
     5 | D        | Reached XP level 13. HP: 119/119 MP: 12/12
     5 | D        | Noticed a meat berserker
     6 | D        | Killed a meat berserker
     6 | D        | Reached * piety under Makhleb
     6 | D        | Reached skill level 1 in Armour
     6 | D        | Reached XP level 14. HP: 120/133 MP: 13/13
     6 | D        | Noticed a bag of meat
     7 | D        | Killed a meat berserker
     7 | D        | Reached XP level 15. HP: 93/145 MP: 14/14
     7 | D        | Noticed a meat berserker
     8 | D        | Killed a meat berserker
     8 | D        | Reached skill level 15 in Throwing
     8 | D        | Reached skill level 27 in Unarmed Combat
     8 | D        | Reached XP level 16. HP: 102/159 MP: 15/15
     9 | D        | Reached ** piety under Makhleb
     9 | D        | Noticed a meat berserker
    10 | D        | Reached skill level 5 in Armour
    10 | D        | Reached XP level 17. HP: 152/170 MP: 16/16
    11 | D        | Noticed a meat berserker
    12 | D        | Reached skill level 15 in Axes
    12 | D        | Reached skill level 27 in Dodging
    12 | D        | Noticed a meat berserker
    12 | D        | Noticed a meat berserker
    13 | D        | Killed a meat berserker
    13 | D        | Reached *** piety under Makhleb
    13 | D        | Reached XP level 18. HP: 132/189 MP: 17/17
    13 | D        | Killed a meat berserker
    13 | D        | Noticed a meat berserker
    14 | D        | Killed a meat berserker
    14 | D        | Reached XP level 19. HP: 186/206 MP: 18/18
    14 | D        | Noticed a meat berserker
    15 | D        | Killed a meat berserker
    15 | D        | Reached **** piety under Makhleb
    15 | D        | Reached skill level 27 in Fighting
    15 | D        | Reached skill level 10 in Armour
    15 | D        | Noticed a meat berserker
    17 | D        | Noticed a meat berserker
    18 | D        | Killed a meat berserker
    18 | D        | Reached skill level 27 in Axes
    18 | D        | Reached skill level 27 in Throwing
    18 | D        | Reached XP level 20. HP: 195/216 MP: 19/19
    18 | D        | Noticed a meat berserker
    20 | D        | Noticed a meat berserker
    20 | D        | Killed a meat berserker
    20 | D        | Killed a meat berserker
    20 | D        | Reached ***** piety under Makhleb
    20 | D        | Reached skill level 27 in Armour
    20 | D        | Reached XP level 21. HP: 224/224 MP: 20/20
    21 | D        | Noticed a large bag of meat
    23 | D        | Killed a meat berserker
    23 | D        | Reached skill level 15 in Stealth
    23 | D        | Killed a meat berserker
    23 | D        | Reached XP level 22. HP: 233/233 MP: 20/42
    27 | D        | Reached ****** piety under Makhleb
    27 | D        | Reached skill level 27 in Stealth
    27 | D        | Reached skill level 27 in Invocations
    28 | D        | Killed a large bag of meat
    28 | D        | Reached XP level 23. HP: 240/240 MP: 21/52
    29 | D        | Reached skill level 27 in Spellcasting
    30 | D        | Reached XP level 24. HP: 249/249 MP: 21/53
    31 | D        | Noticed a destroyer
    33 | D        | Noticed a destroyer
    34 | D        | Reached XP level 25. HP: 209/257 MP: 22/53
    35 | D        | Noticed a destroyer
    36 | D        | Killed a destroyer
    36 | D        | Reached XP level 26. HP: 266/266 MP: 23/53
    38 | D        | Noticed a destroyer
    41 | D        | Noticed a large bag of meat
    42 | D        | Noticed The Servant
    43 | D        | Killed a destroyer
    43 | D        | Reached XP level 27. HP: 273/273 MP: 24/53
    44 | D        | Noticed a destroyer
    45 | D        | Noticed a large bag of meat
    46 | D        | Noticed a destroyer
    46 | D        | Killed a destroyer
    47 | D        | Killed a destroyer
    47 | D        | Noticed a destroyer
    50 | D        | Killed a destroyer
    51 | D        | Noticed an accursed
    53 | D        | Noticed a destroyer
    57 | D        | Killed a destroyer
    58 | D        | Killed a large bag of meat
    58 | D        | Noticed a destroyer
    61 | D        | Killed a destroyer
    61 | D        | Noticed a meat beast
    62 | D        | Killed a destroyer
    64 | D        | Noticed a dread
    65 | D        | Killed a meat beast
    66 | D        | Killed an accursed
    66 | D        | Killed a large bag of meat
    67 | D        | HP: 10/273 [The Servant/+9 glaive of flaming (134)]
    67 | D        | Mangled by The Servant

Skill      XL: |  1  2  3  4  5  6  7  8  9 10 11 12 13 14 15 16 17 18 19 20 21 22 23 |
---------------+----------------------------------------------------------------------+-----
Fighting       | 12 14 16 18 20 23 26 27 | 27.0
Axes           | 4 6 8 11 14 19 23 27 | 27.0
Throwing       | 10 12 13 15 16 19 22 27 | 27.0
Dodging        | 18 21 22 25 26 27 | 27.0
Unarmed Combat | 21 24 26 27 | 27.0
Armour         | 1 2 3 5 7 9 13 27 | 27.0
Stealth        | 23 27 | 27.0
Spellcasting   | 17 26 27 | 27.0
Invocations    | 21 27 | 27.0

Action                   |  1- 3 |  4- 6 |  7- 9 | 10-12 | 13-15 | 16-18 | 19-21 | 22-24 | 25-27 || total
-------------------------+-------+-------+-------+-------+-------+-------+-------+-------+-------++-------
Melee: Executioner's axe |     1 |       |       |       |     3 |     5 |     4 |     7 |    27 ||    47
Dodge: Dodged            |       |       |       |       |     1 |     1 |     1 |       |       ||     3
